AoeStats
← [CANTINAMX] | Vintar Khan

Arena

509751769Analyzed
4v4 RM · 6d ago on Sep 27, 2026· 39m 19s· 8 players
Game mode
Random Map
Map size
Large (8 player)
Population
200
Speed
Normal
Resources
Standard
Victory
Conquest
Starting age
Dark Age
Ending age
Imperial Age
RankedLock teamsTeams togetherTeam positionsShared explorationLock speedFull tech treeHidden civsTurbo modeCheats
Victory
Defeat
1426
+11
🇵🇪 Koreans · Peru
1395
+13
🇵🇪 Huns · Peru
1393
+13
🇨🇳 Mongols · China
1382
+13
🇷🇺 Mongols · Russia
1623
-23
🇺🇸 Persians · United States
1310
-12
🇳🇱 Hindustanis · Netherlands
1213
-9
🇨🇦 Portuguese · Canada
1132
-6
DarkOrsted
10:46 Feudal Age
10:53 Feudal Age
11:26 Feudal Age
12:32 Double-Bit Axe
15:20 Castle Age
13:11 Horse Collar
14:48 Wheelbarrow
16:22 Bow Saw
17:00 Heavy Plow
21:26 Stone Mining
21:28 Gold Mining
23:46 Gold Shaft Mining
24:17 Scale Barding Armor
26:02 Chain Barding Armor
25:53 Forging
26:07 Hand Cart
27:25 Bloodlines
30:23 Imperial Age
28:31 Iron Casting
27:59 Marauders
28:01 Loom
28:01 Town Watch
28:47 Husbandry
29:17 Town Patrol
30:54 Elite Tarkan
31:55 Conscription
32:32 Plate Barding Armor
33:12 Blast Furnace
36:53 Light Cavalry
[CANTINAMX] | Vintar Khan
6:46 Loom
10:09 Feudal Age
14:28 Castle Age
13:00 Double-Bit Axe
13:09 Gold Mining
13:43 Horse Collar
17:15 Wheelbarrow
16:54 Town Watch
21:05 Hand Cart
23:41 Fletching
26:04 Heavy Plow
26:19 Bow Saw
31:34 Imperial Age
29:32 Stone Mining
30:43 Ballistics
30:24 Padded Archer Armor
30:20 Bodkin Arrow
31:05 Fortified Wall
32:37 Stone Shaft Mining
32:35 Bracer
32:51 Leather Archer Armor
33:39 Chemistry
33:10 Crop Rotation
33:06 Paper Money
33:56 Hoardings
33:42 Herbal Medicine
34:45 Ring Archer Armor
34:57 Siege Engineers
35:24 Town Patrol
36:41 Elite Rattan Archer
Joestar
10:21 Feudal Age
13:54 Castle Age
12:19 Stone Mining
17:51 Loom
18:14 Fletching
19:31 Double-Bit Axe
22:53 Gold Mining
27:10 Imperial Age
26:13 Gold Shaft Mining
26:01 Bodkin Arrow
27:32 Stone Shaft Mining
28:53 Bow Saw
31:19 Bracer
34:17 Chemistry
36:37 Wheelbarrow
牛比无极限
9:49 Feudal Age
13:55 Castle Age
12:18 Double-Bit Axe
12:22 Horse Collar
20:25 Wheelbarrow
20:20 Bow Saw
22:52 Hand Cart
25:22 Heavy Plow
25:46 Loom
29:06 Imperial Age
28:10 Gold Mining
30:12 Gold Shaft Mining
30:30 Conscription
30:30 Drill
30:06 Heavy Scorpion
32:32 Ballistics
33:07 Coinage
32:56 Siege Engineers
32:49 Onager
37:13 Banking
36:11 Pikeman
36:52 Squires
37:31 Capped Ram
37:33 Siege Onager
38:53 Scale Mail Armor
39:04 Forging
trashypanda
10:39 Feudal Age
8:55 Loom
9:10 Loom
14:41 Castle Age
14:55 Double-Bit Axe
16:54 Bow Saw
16:38 Loom
19:16 Horse Collar
23:07 Wheelbarrow
24:27 Hand Cart
29:07 Imperial Age
27:01 Scale Mail Armor
27:11 Forging
27:55 Chain Mail Armor
27:35 Pikeman
28:51 Iron Casting
29:08 Fortified Wall
29:24 Halberdier
31:04 Heavy Plow
33:13 Plate Mail Armor
36:04 Blast Furnace
38:42 Ballistics
39:35 Chemistry
38:47 Masonry
User1162
10:01 Feudal Age
14:02 Castle Age
11:56 Double-Bit Axe
12:17 Horse Collar
15:32 Bow Saw
21:52 Fletching
26:10 Bodkin Arrow
27:31 Wheelbarrow
30:49 Imperial Age
28:09 Loom
29:03 Scale Mail Armor
29:39 Bloodlines
29:30 Husbandry
30:42 Chain Mail Armor
31:05 Cavalier
32:15 Forging
35:04 Hand Cart
35:37 Gold Mining
35:24 Savar
Medina90
11:40 Feudal Age
15:13 Castle Age
13:05 Double-Bit Axe
22:08 Wheelbarrow
21:41 Horse Collar
22:18 Bow Saw
22:55 Heavy Plow
22:48 Gold Mining
22:48 Stone Mining
25:19 Hand Cart
28:19 Imperial Age
26:06 Scale Barding Armor
26:11 Forging
26:08 Scale Mail Armor
26:18 Forging
27:23 Chain Mail Armor
28:36 Iron Casting
30:27 Chemistry
35:41 Elite Ghulam
Li_78
9:38 Feudal Age
13:14 Castle Age
11:23 Double-Bit Axe
11:50 Horse Collar
13:24 Wheelbarrow
14:34 Bow Saw
17:39 Loom
21:55 Hand Cart
22:02 Heavy Plow
22:56 Loom
23:07 Stone Mining
23:08 Gold Mining
28:38 Imperial Age
26:21 Fletching
26:31 Padded Archer Armor
26:53 Ballistics
27:07 Fortified Wall
27:07 Masonry
27:50 Bodkin Arrow
28:15 Masonry
28:54 Onager
29:56 Nomads
30:50 Drill
31:39 Siege Engineers
33:22 Chemistry
32:56 Bracer
33:53 Conscription
34:20 Elite Mangudai
35:35 Bloodlines
35:25 Husbandry
35:33 Thumb Ring
35:54 Leather Archer Armor
37:02 Parthian Tactics
Connection lost

Rejoining the realm…

Still unreachable

The connection could not be restored.

Session expired

The server has moved on; the page needs a fresh start.